 Dungeon Crawl Stone Soup version 0.30-b1-2-g02819fbbbe (webtiles) character file.

Game seed: 13096386791766533859

43449 raph the Covert (level 13, 0/63 HPs)
             Began as a Spriggan Venom Mage on Dec 6, 2023.
             Was a High Priest of Sif Muna.
             Killed from afar by a hell hound (16 damage)
             ... with a blast of flame
             ... on level 5 of the Lair of Beasts.
             The game lasted 00:45:10 (24252 turns).

raph the Covert (Spriggan Venom Mage)              Turns: 24252, Time: 00:45:11

Health: 0/63       AC:  9    Str:  4    XL:     13   Next: 90%
Magic:  24/26      EV: 22    Int: 21    God:    Sif Muna [*****.]
Gold:   905        SH:  0    Dex: 16    Spells: 0/29 levels left

rFire   . . .        a - +4 dagger (speed)
rCold   . . .        (no shield)
rNeg    . . .        h - +2 steam dragon scales
rPois   .            (helmet restricted)
rElec   .            y - +1 cloak
rCorr   .            (gloves unavailable)
SInv    +            (boots unavailable)
Will    ++...        i - amulet of faith
Stlth   ++++++       t - ring of wizardry
HPRegen 0.30/turn    x - +4 ring of slaying
MPRegen 0.20/turn

%: faith, wizardry (x1)
@: very quick
A: very small, no large weapons, unfitting armour, see invisible, speed 3
a: Renounce Religion, Channel Magic, Forget Spell, Divine Exegesis


You were on level 5 of the Lair of Beasts.
You worshipped Sif Muna.
Sif Muna was extremely pleased with you.
You visited 2 branches of the dungeon, and saw 13 of its levels.
You also visited: Sewer and Volcano.

You collected 1198 gold pieces.
You spent 293 gold pieces at shops.

Inventory:

Hand Weapons
 a - a +4 dagger of speed (weapon)
 b - a +0 dagger of venom
 e - a +1 short sword
 j - a +2 dagger of venom
 u - a +1 dagger of electrocution
 v - the +0 dagger of the Solstice {heavy, Str+2 Int+2}
   (You found it on level 4 of the Dungeon)

   Str:       It affects your strength (+2).
   Int:       It affects your intelligence (+2).
 D - the +3 dagger of Ignis's Displeasure {heavy, Dex+6}
   (You bought it in a shop on level 7 of the Dungeon)

   Dex:       It affects your dexterity (+6).
Missiles
 E - 8 curare-tipped darts
Armour
 h - +2 steam dragon scales (worn)
 y - a +1 cloak (worn)
Magical Staves
 O - the staff of air "Kerotz" {rElec rCorr MP+9}
   (You found it on level 3 of the Lair of Beasts)

   [staff of air]

   Base accuracy: +5 Base damage: 5 Base attack delay: 1.2 This weapon's minimum
   attack delay (0.6) is reached at skill level 12.
   rElec:     It insulates you from electricity.
   MP:        It affects your magic capacity (+9).
   rCorr:     It protects you from acid and corrosion.
   It falls into the 'Staves' category.
   It is a two-handed weapon.
Jewellery
 i - an amulet of faith (around neck)
 t - a ring of wizardry (left hand)
 w - a ring of fire
 x - a +4 ring of slaying (right hand)
 z - a ring of fire
 J - a +6 ring of dexterity
 L - a ring of poison resistance
 Q - a ring of magical power
 S - a ring of positive energy
 V - a ring of protection from cold
Wands
 c - a wand of flame (109)
 G - a wand of iceblast (6)
 N - a wand of mindburst (8)
 R - a wand of paralysis (3)
 T - a wand of acid (4)
 U - a wand of digging (2)
Scrolls
 g - a scroll of magic mapping
 k - 3 scrolls of vulnerability
 n - a scroll of blinking
 o - 2 scrolls of fear
 p - 2 scrolls of poison
 B - 2 scrolls of amnesia
 C - 2 scrolls of fog
 H - 4 scrolls of teleportation
 M - 3 scrolls of silence
Potions
 d - 5 potions of brilliance
 f - 4 potions of heal wounds
 l - 4 potions of might
 m - 4 potions of attraction
 q - 2 potions of magic
 r - 2 potions of resistance
 s - 4 potions of lignification
 A - 3 potions of mutation
 F - 7 potions of ambrosia
 I - 2 potions of haste
 K - a potion of flight
Miscellaneous
 P - a phantom mirror


   Skills:
 + Level 5.2 Fighting
 * Level 9.0 Short Blades
 + Level 8.9 Dodging
 + Level 13.6 Stealth
 + Level 8.6 Spellcasting
 - Level 0.1 Conjurations
 * Level 10.2 Hexes
 * Level 6.6 Summonings
 - Level 2.0 Transmutations
 + Level 10.9 Poison Magic
 * Level 6.4 Invocations
 - Level 4.5 Evocations


You couldn't memorise any spells.
You knew the following spells:

 Your Spells              Type           Power      Damage    Failure   Level
a - Sting                 Tmut/Pois      100%       1d8       1%          1
b - Poisonous Vapours     Pois/Air       64%        N/A       1%          2
c - Mephitic Cloud        Conj/Pois/Air  24%        N/A       1%          3
d - Olgreb's Toxic Radia  Pois           53%        N/A       1%          4
e - Summon Guardian Gole  Hex/Summ       44%        N/A       1%          3
f - Summon Ice Beast      Ice/Summ       23%        N/A       8%          4
g - Summon Mana Viper     Hex/Summ       44%        N/A       2%          5
h - Anguish               Hex/Necr       15%        N/A       3%          4
i - Tukima's Dance        Hex            51%        N/A       1%          3

Your spell library contained the following spells:

 Spells                   Type           Power      Damage    Failure   Level
 Ensorcelled Hibernation  Hex/Ice        60%        N/A       1%          2
 Freeze                   Ice            36%        1d5       3%          1
 Passwall                 Tmut/Erth      10%        N/A       3%          2
 Alistair's Intoxication  Tmut/Pois      24%        N/A       6%          5
 Yara's Violent Unravell  Hex/Tmut       17%        3d8       6%          5
 Frozen Ramparts          Ice            18%        1d3       9%          3
 Hailstorm                Conj/Ice       9%         3d4       9%          3
 Swiftness                Air            9%         N/A       9%          3
 Passage of Golubria      Tloc           9%         N/A       28%         4
 Eringya's Noxious Bog    Tmut/Pois      18%        N/A       30%         6
 Enfeeble                 Hex            25%        N/A       34%         7
 Iskenderun's Battlesphe  Conj           9%         2d6       58%         5
 Borgnjor's Vile Clutch   Necr/Erth      4%         N/A       61%         5
 Monstrous Menagerie      Summ           18%        N/A       82%         7
 Iron Shot                Conj/Erth      4%         9d2       98%         6
 Malign Gateway           Summ/Tloc      11%        N/A       99%         7
 Spellforged Servitor     Conj/Summ      11%        N/A       99%         7
 Orb of Destruction       Conj           4%         9d5       100%        7
 Summon Horrible Things   Summ           18%        N/A       100%        8


Dungeon Overview and Level Annotations

Branches:
Dungeon (8/15)             Temple (0/1) D:4            Lair (5/5) D:8
  Swamp (0/4) Lair:2        Snake (0/4) Lair:3        Slime (0/5) Lair:5
  Sewer (visited)         Volcano (visited)

Altars:
Ashenzari
Cheibriados
Dithmenos
Elyvilon
Makhleb
Nemelex Xobeh
Qazlal
Ru
Sif Muna
Trog
Uskayaw
Vehumet
Yredelemnul
Jiyva

Shops:
D:4 !   D:7 (


Innate Abilities, Weirdness & Mutations

You are very small and have problems with some larger weapons.
You are too small for most types of armour.
You have supernaturally acute eyesight. (SInv)
You cover ground extremely quickly. (Speed+++)


Message History

The hell hound bites you but does no damage.
The black bear bites your guardian golem but does no damage.
The black bear claws your guardian golem.
The black bear claws your guardian golem but does no damage.
The hell hound breathes flames at you. The blast of flame hits you!
* * * LOW HITPOINT WARNING * * *
The black bear misses your mana viper. The black bear claws your mana viper.
The black bear claws your mana viper but does no damage.
Your mana viper bites the black bear.
You feel less invigorated.
Things that are here:
a hell hound corpse; a warg skeleton
Casting: Summon Guardian Golem (safe; 1% risk of failure)
Confirm with . or Enter, or press ? or * to list all spells.
A chill wind blows around you.
You swap places.
Your ice beast closely misses the hell hound.
Your ice beast barely misses the hell hound.
What are your orders? t - Shout!
Orders for allies: a - Attack new target. r - Retreat! s - Stop attacking. g - Guard the area. f - Follow me.
Anything else - Cancel.
Gang up on whom?
Press: ? - help, Dir - move target, f - hell hound
Aim: a hell hound (ally target) Attack!
Your mana viper disappears in a puff of smoke!
The hell hound misses you.
Your ice beast hits the hell hound.
Your ice beast freezes the hell hound!
The hell hound is frozen!
You swap places.
The hell hound bites you but does no damage.
Your ice beast completely misses the hell hound.
The hell hound breathes flames at you.
The blast of flame hits your guardian golem.
Your guardian golem resists.
The blast of flame hits you!
You die...

..P..# ###P#.####........##
.....# #.....##.#......<..#
....##
########....##.........###
.....###.....#.........########
#.....#P..#.P#...P...###
.#..............P...##
##.....#....Y......##
##.....###....h..÷.#### #
.##...## ####..9@÷#...########
#. ....###
#....#÷....#.#.#.##.# ...#.#
##...#........†..h#.# .P.###
#...####...#..9.9h.†#. PP#.#
###.# ####.#...#....# .P### ###
#######..### ..# #..# ..# ...#
.## h..##


You could see a hell hound (catching breath, ally target), a friendly guardian
golem (summoned) and a friendly ice beast (summoned, sheltered).

Vanquished Creatures
  Snorg (Lair:3)
  A catoblepas (Lair:2)
  A centaur warrior (D:8)
  A skyshark (Lair:2)
  Joseph (D:8)
  2 black mambas
  7 cane toads
  Maggie (Lair:2)
  5 komodo dragons
  A rime drake (Lair:5)
  Prince Ribbit (D:8)
  Grinder (D:6)
  A polar bear (Lair:5)
  3 blink frogs
  Sigmund (D:5)
  3 wyverns
  6 basilisks
  31 yaks
  3 fire bats (Lair:3)
  4 steam dragons
  Menkaure (D:5)
  A warg (Lair:5)
  Edmund (D:6)
  16 water moccasins
  A hell hound (Lair:5)
  Duvessa (D:4)
  2 sky beasts
  An orc warrior (D:7)
  An ice beast (D:7)
  5 black bears
  11 wolves
  2 phantoms (D:5)
  Blork the orc (D:4)
  2 kobold brigands
  13 bullfrogs
  An earth elemental (Volcano)
  3 scorpions
  Dowan (D:4)
  22 killer bees
  4 electric eels (D:8)
  2 crimson imps
  A howler monkey (D:5)
  8 hounds
  A bullfrog zombie (D:5)
  A gnoll bouda (D:6)
  3 jellies
  A centaur zombie (D:5)
  Crazy Yiuf (D:5)
  2 orc priests
  A hell rat (Lair:3)
  A sleepcap (D:7)
  2 iguanas
  6 orc wizards
  Natasha (thrice) (D:3)
  7 gnolls
  10 adders
  6 river rats (Sewer)
  2 shadow imps
  3 white imps
  6 worms
  2 dart slugs (D:1)
  22 orcs
  20 ball pythons
  10 endoplasms
  3 giant cockroaches
  9 goblins
  7 hobgoblins
  A jackal (D:5)
  4 quokkas
  7 bats
  8 frilled lizards
  16 kobolds
  26 rats
367 creatures vanquished.

Vanquished Creatures (collateral kills)
  A hydra (Lair:2)
  A skyshark (Lair:5)
  A black mamba (Lair:2)
  A gargoyle (Volcano)
  3 cane toads
  An efreet (Volcano)
  A queen bee (Lair:3)
  A troll (D:8)
  3 yaks
  2 fire elementals (Volcano)
  A steam dragon (Lair:3)
  A naga (Lair:3)
  2 hell hounds (Lair:5)
  4 water moccasins
  3 wolves (Lair:5)
  7 killer bees (Lair:3)
  3 electric eels (D:8)
  A nameless horror (Lair:5)
  2 jackals (D:5)
39 creatures vanquished.

Vanquished Creatures (others)
  A hydra (Lair:5)
  A will-o-the-wisp (Lair:2)
  3 cane toads
  A komodo dragon (Lair:2)
  2 ice devils (Lair:4)
  A polar bear (Lair:2)
  2 wyverns (Lair:3)
  A yak (Lair:1)
  2 killer bees (Lair:3)
  8 foxfires (Lair:2)
  30 fungi
  68 plants
120 creatures vanquished.

Grand Total: 526 creatures vanquished

Notes
Turn   | Place    | Note
-------+----------+-------------------------------------------
     0 | D:1      | raph the Spriggan Venom Mage began the quest for the Orb.
     0 | D:1      | Reached XP level 1. HP: 9/9 MP: 5/5
    13 | D:1      | Noticed an electric eel
   214 | D:1      | Reached XP level 2. HP: 13/13 MP: 2/6
   370 | D:1      | Learned a level 2 spell: Poisonous Vapours
   917 | D:1      | Reached XP level 3. HP: 16/16 MP: 5/8
   921 | D:1      | Learned a level 3 spell: Mephitic Cloud
  1745 | D:2      | Found a shimmering blue altar of Sif Muna.
  1750 | D:2      | Became a worshipper of Sif Muna the Loreminder
  2228 | D:3      | Found a shadowy altar of Dithmenos.
  2254 | D:3      | Found a glowing drain.
  2323 | Sewer    | Entered a sewer
  2377 | Sewer    | Reached XP level 4. HP: 21/21 MP: 2/10
  2485 | Sewer    | Learned a level 4 spell: Olgreb's Toxic Radiance
  2912 | Sewer    | Identified a scroll of acquirement
  2912 | Sewer    | Acquired an amulet of faith
  2958 | Sewer    | Reached * piety under Sif Muna
  3189 | Sewer    | Reached XP level 5. HP: 24/24 MP: 3/11
  3667 | Sewer    | Reached skill level 5 in Poison Magic
  3669 | Sewer    | Reached XP level 6. HP: 28/28 MP: 2/12
  4224 | D:3      | Reached ** piety under Sif Muna
  4773 | D:3      | Found a faded altar of an unknown god.
  4868 | D:3      | Reached skill level 4 in Stealth
  5140 | D:3      | Noticed Natasha
  5145 | D:3      | Killed Natasha
  5364 | D:3      | Found a faded altar of an unknown god.
  5621 | D:3      | Noticed Natasha
  5627 | D:3      | Killed Natasha
  5826 | D:3      | Found a shadowy altar of Dithmenos.
  5829 | D:3      | Noticed Natasha
  5833 | D:3      | Killed Natasha
  5834 | D:3      | Reached skill level 1 in Invocations
  5834 | D:3      | Reached XP level 7. HP: 32/32 MP: 7/14
  6184 | D:4      | Found Jahyt's Distillery.
  6190 | D:4      | Bought a potion of magic for 96 gold pieces
  6190 | D:4      | Bought a potion of lignification for 36 gold pieces
  6295 | D:4      | Found a staircase to the Ecumenical Temple.
  6351 | D:4      | Noticed a steam dragon
  6362 | D:4      | Reached skill level 1 in Fighting
  6364 | D:4      | Reached *** piety under Sif Muna
  6373 | D:4      | Killed a steam dragon
  6628 | D:4      | Learned a level 3 spell: Summon Guardian Golem
  6628 | D:4      | Found a stormy altar of Qazlal.
  6709 | D:4      | Noticed Blork the orc
  6719 | D:4      | Killed Blork the orc
  6720 | D:4      | Reached skill level 5 in Stealth
  6844 | D:4      | Reached skill level 1 in Hexes
  7029 | D:4      | Identified the +0 dagger of the Solstice {heavy, Str+2
                  | Int+2}
  7132 | D:4      | Noticed Dowan
  7133 | D:4      | Noticed Duvessa
  7142 | D:4      | Killed Dowan
  7145 | D:4      | Killed Duvessa
  7146 | D:4      | Reached XP level 8. HP: 38/38 MP: 0/16
  7573 | D:5      | Entered Level 5 of the Dungeon
  7901 | D:5      | Reached skill level 1 in Summonings
  7945 | D:5      | Noticed Menkaure
  7961 | D:5      | Killed Menkaure
  7962 | D:5      | Reached skill level 5 in Spellcasting
  8210 | D:5      | Found a runed translucent door.
  8211 | D:5      | Noticed Crazy Yiuf
  8218 | D:5      | Killed Crazy Yiuf
  8558 | D:5      | Found a basalt altar of Yredelemnul.
  8641 | D:5      | Noticed Sigmund
  8650 | D:5      | Killed Sigmund
  8650 | D:5      | Reached **** piety under Sif Muna
  8651 | D:5      | Reached skill level 1 in Short Blades
  8651 | D:5      | Reached skill level 5 in Dodging
  8651 | D:5      | Reached skill level 6 in Stealth
  9199 | D:6      | Found a sacrificial altar of Ru.
  9278 | D:6      | Reached XP level 9. HP: 36/43 MP: 7/18
  9418 | D:6      | Noticed Edmund
  9428 | D:6      | Killed Edmund
 10137 | D:6      | Noticed Grinder
 10165 | D:6      | Killed Grinder
 10275 | D:6      | Found a bloodstained altar of Trog.
 10284 | D:6      | Found a snail-covered altar of Cheibriados.
 10317 | D:6      | Found a sparkling altar of Nemelex Xobeh.
 10343 | D:6      | Found a broken altar of Ashenzari.
 10418 | D:7      | Found a burning altar of Makhleb.
 10431 | D:7      | Reached skill level 5 in Hexes
 10654 | D:7      | Reached ***** piety under Sif Muna
 10768 | D:7      | Received a gift from Sif Muna
 10778 | D:7      | Reached skill level 7 in Stealth
 10911 | D:7      | Learned a level 4 spell: Summon Ice Beast
 11261 | D:7      | Found Mahiezem's Antique Weapon Emporium.
 11264 | D:7      | Bought a pitted dagger for 161 gold pieces
 11264 | D:7      | Identified the +3 dagger of Ignis's Displeasure {heavy,
                  | Dex+6} (You bought it in a shop on level 7 of the Dungeon)
 11470 | D:8      | Noticed Joseph
 11489 | D:8      | Killed Joseph
 11497 | D:8      | Reached XP level 10. HP: 37/49 MP: 2/20
 12139 | D:8      | Noticed Prince Ribbit
 12149 | D:8      | Killed Prince Ribbit
 12613 | D:8      | Noticed a centaur warrior
 12621 | D:8      | Killed a centaur warrior
 12662 | D:8      | Found a radiant altar of Vehumet.
 12805 | D:8      | Found a staircase to the Lair.
 12854 | D:8      | Found a hide-covered altar of Uskayaw.
 12854 | D:8      | Found a white marble altar of Elyvilon.
 13037 | Lair:1   | Entered Level 1 of the Lair of Beasts
 13040 | Lair:1   | Noticed a cane toad
 13044 | Lair:1   | Noticed a cane toad
 13359 | D:8      | Reached skill level 8 in Stealth
 13403 | D:8      | Killed a cane toad
 13530 | D:8      | HP: 1/49 [poisoned by a cane toad]
 13538 | D:8      | Killed a cane toad
 14149 | Lair:1   | Noticed a cane toad
 14157 | Lair:1   | Killed a cane toad
 14158 | Lair:1   | Reached XP level 11. HP: 40/53 MP: 4/22
 14962 | Lair:2   | Reached skill level 1 in Evocations
 15014 | Lair:2   | Reached skill level 5 in Invocations
 15016 | Lair:2   | Reached skill level 5 in Summonings
 15202 | Lair:2   | Reached skill level 9 in Stealth
 15385 | Lair:2   | Learned a level 5 spell: Summon Mana Viper
 15534 | Lair:2   | You fall into a shaft and drop 1 floor!
 15635 | Lair:3   | Received a gift from Sif Muna
 15948 | Lair:3   | Noticed Snorg
 15959 | Lair:3   | Killed Snorg
 15960 | Lair:3   | Reached skill level 10 in Poison Magic
 16295 | Lair:3   | Found a dark tunnel.
 16304 | Volcano  | Entered a volcano
 16384 | Volcano  | Reached XP level 12. HP: 58/58 MP: 12/24
 16490 | Volcano  | Reached skill level 12 in Stealth
 16490 | Volcano  | Reached XP level 13. HP: 40/63 MP: 25/25
 16694 | Volcano  | Noticed a stone giant
 16744 | Lair:3   | Learned a level 4 spell: Anguish
 16764 | Lair:3   | Found a staircase to the Snake Pit.
 16813 | Lair:2   | Noticed Maggie
 16832 | Lair:2   | Killed Maggie
 16991 | Lair:2   | Identified the staff of fire "Koteisim" {rF+ Will- rCorr
                  | Dex+2}
 17004 | Lair:2   | Reached skill level 13 in Stealth
 18620 | Lair:2   | Found a staircase to the Swamp.
 19090 | Lair:3   | Received a gift from Sif Muna
 19588 | Lair:3   | Identified the staff of air "Kerotz" {rElec rCorr MP+9}
 19591 | Lair:3   | Identified the +0 chain mail "Epeazed" {Harm rElec Int+3}
 21304 | Lair:4   | Found a frozen archway.
 21316 | Lair:4   | Reached skill level 5 in Fighting
 22088 | Lair:5   | Entered Level 5 of the Lair of Beasts
 22470 | Lair:5   | Reached skill level 10 in Hexes
 22544 | Lair:5   | Learned a level 3 spell: Tukima's Dance
 22839 | Lair:5   | Received a gift from Sif Muna
 22846 | Lair:5   | Found a viscous altar of Jiyva.
 22846 | Lair:5   | Found a staircase to the Slime Pits.
 24252 | Lair:5   | Killed from afar by a hell hound

Illustrated notes

Levels and vault maps discovered:
D:1:      arrival_aquarium_a, layout_loops_ring, minmay_misc_feat_pillars,
          nicolae_figureground_pulse
D:2:      layout_loops_ring, basic_altar
D:3:      minmay_thinvault, layout_loops_ring, nicolae_dithmenos_shadow_blocks,
          chequers_ecumenical_altar_island, cheibrodos_sewer_entry_bend,
          uniq_natasha
D:4:      layout_basic, nicolae_overflow_hidden_temple,
          minmay_temple_entry_ruins, serial_shops, nicolae_stop_n_shop_2,
          chequers_serial_rivers_small_b, minmay_fire_ice_demons, uniq_duvessa,
          uniq_blork_the_orc
D:5:      layout_basic, lemuel_zombie_altar_yredelemnul, uniq_menkaure,
          uniq_sigmund, uniq_crazy_yiuf_cottage
D:6:      layout_gridville, hangedman_ru_absence,
          nicolae_overflow_quartered_altars, uniq_edmund, uniq_grinder
D:7:      layout_loops_ring, makhleb_grotto_becter, serial_shops,
          nicolae_shop_real_fake_doors, nicolae_concentric_dashed_squares_wild
D:8:      layout_basic, mainiacjoe_overflow_brackets,
          nicolae_overflow_two_pavilions, erik_lair_island, blue_anna_alchemist,
          uniq_prince_ribbit1, uniq_joseph
Lair:1:   layout_regular_city, grunt_megastairs_1
Lair:2:   nzn_winding_woodlands_stair_cross [nzn_winding_woodlands_5x15_cabin,
          nzn_winding_woodlands_center_triple_pond,
          nzn_winding_woodlands_5x15_twine,
          nzn_winding_woodlands_5x5_checkerboard,
          nzn_winding_woodlands_hourglass, nzn_winding_woodlands_5x15_parted,
          nzn_winding_woodlands_center_diamonds,
          nzn_winding_woodlands_5x15_zeroes], layout_chaotic_city,
          minmay_swamp_entry_wisps, uniq_maggie
Lair:3:   regret_index_bee_streams, layout_chaotic_city,
          guppyfry_snake_entry_garden, nicolae_volcano_entry_batcave, uniq_snorg
Lair:4:   layout_layer_cave, portal_ice_cave_demonic_guard
Lair:5:   hangedman_lair_caniforms_friends, layout_cave_pods, slime_entry_1

Skill      XL: |  1  2  3  4  5  6  7  8  9 10 11 12 13 |
---------------+----------------------------------------+-----
Dodging        | 3 4 5 6 7 8 |  8.9
Spellcasting   | 3 4 5 6 7 8 |  8.6
Transmutations | 2 |  2.0
Poison Magic   | 4 6 7 8 9 10 | 10.9
Stealth        | 4 5 6 7 8 9 12 13 | 13.6
Invocations    | 1 2 3 4 5 6 |  6.4
Fighting       | 1 2 3 4 5 |  5.2
Hexes          | 1 4 5 7 8 10 | 10.2
Summonings     | 1 2 4 5 6 |  6.6
Short Blades   | 1 3 4 8 9 |  9.0
Evocations     | 3 4 |  4.5
Conjurations   | |  0.1

Action                     |  1- 3 |  4- 6 |  7- 9 | 10-12 | 13-15 || total
---------------------------+-------+-------+-------+-------+-------++-------
  Melee: Unarmed           |     5 |       |       |       |       ||     5
         Short sword       |    25 |    19 |       |       |       ||    44
         Dagger            |       |    23 |   180 |   205 |   451 ||   859
         Punch             |       |       |     1 |     4 |     9 ||    14
   Cast: Sting             |    73 |    95 |   128 |    29 |    18 ||   343
         Poisonous Vapours |    13 |    39 |     5 |     2 |     2 ||    61
         Mephitic Cloud    |     1 |     4 |    19 |    14 |    13 ||    51
         Olgreb's Toxic Ra |       |     7 |    30 |    36 |    37 ||   110
         Summon Guardian G |       |       |     5 |    10 |    37 ||    52
         Summon Ice Beast  |       |       |     1 |    16 |    35 ||    52
         Summon Mana Viper |       |       |       |     3 |    19 ||    22
         Anguish           |       |       |       |       |     2 ||     2
 Invoke: Channel Magic     |       |       |       |       |     2 ||     2
  Evoke: Wand              |       |       |       |     2 |       ||     2
    Use: Scroll            |     8 |     8 |     9 |     9 |     4 ||    38
         Potion            |       |       |     1 |     5 |     4 ||    10
   Stab: Sleeping          |     1 |       |     5 |    16 |     6 ||    28
         Confused          |       |       |     3 |     3 |     5 ||    11
         Distracted        |       |       |     2 |       |     1 ||     3
 Armour: Robe              |     7 |     5 |       |       |       ||    12
         Steam dragon scal |       |       |    27 |    28 |    39 ||    94
  Dodge: Dodged            |    33 |    59 |   140 |   182 |   286 ||   700
